 Seeded DCSS version 0.30-a0-358-g0d69a1922f (webtiles) character file.

Game seed: 2231567656055988436 (custom seed)

182 retardedninja the Trooper (level 5, -1/47 HPs)
             Began as a Minotaur Fighter on Nov 9, 2022.
             Engulfed by an orc wizard's steam (11 damage)
             ... on level 4 of the Dungeon.
             The game lasted 00:02:53 (2488 turns).

retardedninja the Trooper (Minotaur Fighter)        Turns: 2488, Time: 00:02:54

Health: -1/47      AC: 13    Str: 23    XL:     5   Next: 35%
Magic:  4/4        EV:  6    Int:  5    God:
Gold:   150        SH:  0    Dex:  7    Spells: 4/4 levels left

rFire   . . .      SeeInvis .    a - +0 war axe
rCold   . . .      Faith    .    c - +0 buckler
rNeg    . . .      Spirit   .    v - +0 plate armour
rPois   .          Reflect  .    (helmet restricted)
rElec   .          Harm     .    p - +0 cloak
rCorr   .          Rampage  .    (no gloves)
Will    .....                    (no boots)
Stlth   ..........               (no amulet)
HPRegen 0.27/turn                (no ring)
MPRegen 0.09/turn                (no ring)

@: confused, very slow
A: horns 2, retaliatory headbutt, clumsy 1, subdued magic 1
a: no special abilities


You were on level 4 of the Dungeon.
You visited 1 branch of the dungeon, and saw 4 of its levels.

You collected 150 gold pieces.

Inventory:

Hand Weapons
 a - a +0 war axe (weapon)
Armour
 b - a +0 scale mail
 c - a +0 buckler (worn)
 p - a +0 cloak (worn)
 v - a +0 plate armour (worn)
Jewellery
 n - a ring of positive energy
 t - a ring of willpower
Scrolls
 e - a scroll of enchant armour {unknown}
 f - 2 scrolls of fear {unknown}
 h - 4 scrolls of identify {unknown}
 k - 2 scrolls of noise {unknown}
 l - a scroll of vulnerability {unknown}
 m - 2 scrolls of magic mapping {unknown}
 o - a scroll of brand weapon {unknown}
 s - a scroll of immolation {unknown}
 u - a scroll of torment {unknown}
 w - a scroll of poison {unknown}
Potions
 d - a potion of might
 g - a potion of curing {unknown}
 i - a potion of flight {unknown}
 j - a potion of brilliance {unknown}
 q - a potion of mutation
 r - 2 potions of lignification {unknown}


   Skills:
 + Level 4.8 Fighting
 + Level 3.9 Axes
 + Level 4.8 Armour
 + Level 4.8 Shields


You had 4 spell levels left.
You didn't know any spells.
Your spell library was empty.

Dungeon Overview and Level Annotations

Branches:
Dungeon (4/15)
 Temple: D:4-7

Altars:
Ashenzari


Innate Abilities, Weirdness & Mutations

You have a pair of horns on your head.
You reflexively headbutt those who attack you in melee.
You are clumsy. (Dex -2)
Your spells are a little easier to cast, but a little less powerful.


Message History

You hear some strange, mumbled words.
A magic dart appears from out of thin air!
The magic dart hits you but does no damage.
You hear some strange, mumbled words.
You are confused.
You hear a splashing noise.
Something hits you but does no damage.
A magic dart appears from out of thin air!
The magic dart hits you.
You hear some strange, mumbled words.
A puff of flame appears from out of thin air!
The puff of flame hits you!
Unknown command.
Something hits you but does no damage.
Unknown command.
You enter the shallow water.
Moving in this stuff is going to be slow.
Something hits you but does no damage.
You hear some strange, mumbled words.
A puff of flame appears from out of thin air!
The puff of flame hits you.
* * * LOW HITPOINT WARNING * * *
You barely miss something. You completely miss something.
You are engulfed in a cloud of scalding steam.
Something hits you but does no damage.
You hear some strange, mumbled words.
A magic dart appears from out of thin air!
The magic dart hits you.
* * * LOW HITPOINT WARNING * * *
It was a potion of mutation.
You feel extremely strange.
You feel clumsy.
Your connection to magic feels subdued.
You are engulfed in a cloud of scalding steam.
An orc wizard appears from thin air!
Reactivating autopickup.
Something hits you but does no damage.
Deactivating autopickup; reactivate with Ctrl-A.
The orc wizard hits you but does no damage.
You miss something. You closely miss the orc wizard.
You are engulfed in a cloud of scalding steam.
You die...

#....?....#
#.........#
#.........#
#......$..#
#..†).....#
#######...♣...##
.........♣~♣♣...#
###.PP.{o♣~~~.P.#
#P..♣@~~~.~...#
#P.♣~~~~♣♣♣..P#
♣...♣~♣.♣ .##
♣....~♣... #
#..P.....P.
#............
#####........
#... ....


You could see an orc wizard.

Vanquished Creatures
  A hound (D:4)
  An orc wizard (D:4)
  5 adders (D:2)
  2 worms
  4 dart slugs
  3 orcs (D:4)
  2 ball pythons
  8 endoplasms
  2 giant cockroaches (D:1)
  4 goblins
  8 hobgoblins
  5 quokkas
  3 bats
  13 frilled lizards
  8 kobolds
  2 rats (D:1)
71 creatures vanquished.

Vanquished Creatures (others)
  7 plants
7 creatures vanquished.

Grand Total: 78 creatures vanquished

Notes
Turn   | Place    | Note
-------+----------+-------------------------------------------
     0 | D:1      | retardedninja the Minotaur Fighter began the quest for the
                  | Orb.
     0 | D:1      | Reached XP level 1. HP: 19/19 MP: 0/0
   106 | D:1      | Reached XP level 2. HP: 27/27 MP: 1/1
   203 | D:1      | Found a faded altar of an unknown god.
   528 | D:1      | Reached XP level 3. HP: 30/33 MP: 2/2
   817 | D:2      | Reached XP level 4. HP: 40/41 MP: 3/3
  1558 | D:3      | Found a broken altar of Ashenzari.
  2271 | D:4      | Reached XP level 5. HP: 43/47 MP: 4/4
  2487 | D:4      | Gained mutation: You are clumsy. (Dex -2) [potion of
                  | mutation]
  2487 | D:4      | Gained mutation: Your spells are a little easier to cast,
                  | but a little less powerful. [potion of mutation]
  2488 | D:4      | Engulfed by an orc wizard's steam

Illustrated notes

Levels and vault maps discovered:
D:1:      amcnicky_arrival_choice, layout_basic,
          shapermc_ecumenical_altar_ellora, minmay_misc_feat_ornament
D:2:      layout_basic, minmay_lizard_king
D:3:      layout_loops_ring, mainiacjoe_overflow_cross_hatched
D:4:      layout_basic, serial_shops, nicolae_shop_trees, serial_bayou_pond_a

Skill      XL: |  1  2 |
---------------+-------+-----
Fighting       | 4 |  4.8
Armour         | 4 |  4.8
Shields        | 4 |  4.8
Axes           | 3 |  3.9

Action                   |  1- 3 |  4- 6 || total
-------------------------+-------+-------++-------
Melee: War axe           |    56 |    88 ||   144
       Headbutt          |     2 |     4 ||     6
  Use: Potion            |       |     1 ||     1
 Stab: Distracted        |     1 |       ||     1
Armor: Scale mail        |    29 |    24 ||    53
       Plate armour      |       |    45 ||    45
Dodge: Dodged            |    21 |    35 ||    56
Block: Buckler           |    13 |    20 ||    33

Table legend: (Time is in decaauts)
 A = Elapsed time spent in this place.
 B = Non-inter-level travel time spent in this place.
 C = Inter-level travel time spent in this place.
 D = Time resting spent in this place.
 E = Time spent auto-exploring this place.
 F = Levels seen in this place.
 G = Mean time per level.
                   A        B        C        D        E       F      G
               +--------+--------+--------+--------+--------+-----+--------+
         Total |   2543 |   2430 |    113 |    171 |   1846 |   4 |  635.8 |
       Dungeon |   2543 |   2430 |    113 |    171 |   1846 |   4 |  635.8 |
               +--------+--------+--------+--------+--------+-----+--------+

Top non-repeatable levels by time:
     D:2: 915 daAuts
     D:3: 701 daAuts
     D:1: 668 daAuts
     D:4: 258 daAuts
